Atomiques vs Remparts
Created - March 31, 2020 at 19:39
Goals
|
| Atomiques |
0 |
1 |
4 |
5 |
| Remparts |
0 |
0 |
3 |
3 |
|
Shots
|
| Atomiques |
8 |
5 |
18 |
31 |
| Remparts |
12 |
3 |
10 |
25 |
|
1st period
No Goal
Penalties :
No Penalty
2nd period
1. Atomiques , Anthony Nigro 5 (Bobby Farnham 7) at 18:43
Penalties :
Anthony Nigro (STB) for Interference (Minor) at 8:04, Brayden Point (Que) for Interference (Minor) at 15:34
3rd period
2. Remparts , Rickard Rakell 20 (Pontus Aberg 36, William Colbert 31) at 3:15
3. Atomiques , Jonathan Huberdeau 25 (Matt Tennyson 17, Michael Chaput 25) at 3:21
4. Atomiques , Oscar Sundqvist 25 (Max Friberg 20, Dustin Kohn 5) at 12:22 (PP)
5. Atomiques , Bobby Farnham 6 (Dustin Kohn 6, Matt Tennyson 18) at 16:18
6. Atomiques , Jonathan Huberdeau 26 (Dustin Kohn 7, Michael Chaput 26) at 16:24
7. Remparts , Pontus Aberg 28 (Brayden Point 23) at 17:05
8. Remparts , Michael Latta 14 (Guillaume Desbiens 41, Michal Jordan 28) at 19:30
Penalties :
Logan Stephenson (Que) for Holding Stick (Minor) at 0:16, Logan Stephenson (Que) for Hooking (Minor) at 3:28, Guillaume Desbiens (Que) for High sticking (Minor) at 11:39, Nail Yakupov (Que) for Tripping (Minor) at 13:11
Goalie Stats
Connor Hellebyuk (STB), 22 saves from 25 shots - (0.880), W, 24-16-6, 60:00 minutes
Garret Sparks (Que), 26 saves from 31 shots - (0.839), L, 12-15-3, 60:00 minutes
Players Stats for Atomiques
Player Name G A P +/- PIM S H SB GA TA FO MP PP MP PK MP
------------------------------------------------------------------------------------
Anthony Nigro 1 0 1 1 2 1 0 1 0 0 3/7 10:19 0:00 0:00
Axel Holmstrom 0 0 0 0 0 0 0 0 0 0 0/0 0:00 0:00 0:00
Bobby Farnham 1 1 2 1 0 2 1 0 0 0 0/0 10:12 0:00 0:00
Carl Dahlstrom 0 0 0 0 0 0 0 2 0 0 0/0 12:58 0:00 0:00
Colby Cohen 0 0 0 0 0 1 3 1 0 1 0/0 18:43 3:51 0:56
Connor Clifton 0 0 0 0 0 0 0 1 0 0 0/0 4:34 0:00 0:00
Corey Tropp 0 0 0 0 0 0 2 0 0 0 0/1 19:39 4:25 0:55
Dalton Smith 0 0 0 0 0 1 1 0 0 0 0/0 12:20 0:00 0:19
Dustin Kohn 0 3 3 1 0 0 2 1 0 1 0/0 27:25 4:48 1:03
Eric Mestery 0 0 0 0 0 2 0 1 0 0 0/0 18:43 3:51 0:56
Freddie Hamilton 0 0 0 0 0 0 0 0 0 0 0/0 0:00 0:00 0:00
Jacob De La Rose 0 0 0 1 0 0 1 0 0 0 0/0 10:12 0:00 0:00
Jonathan Huberdeau 2 0 2 0 0 9 2 0 0 0 2/2 19:39 4:25 0:55
Joseph Cramarossa 0 0 0 0 0 0 0 0 0 0 0/0 0:00 0:00 0:00
Kerby Rychel 0 0 0 0 0 3 2 0 1 0 0/1 16:56 4:14 0:00
Matt Tennyson 0 2 2 1 0 1 2 3 0 1 0/0 24:00 4:48 1:03
Max Friberg 0 1 1 0 0 1 3 0 0 0 1/2 17:30 4:14 0:26
Max McCormick 0 0 0 0 0 0 0 0 0 0 0/0 0:00 0:00 0:00
Michael Chaput 0 2 2 0 0 3 1 0 1 1 18/31 19:18 4:25 0:26
Mike Halmo 0 0 0 0 0 0 0 0 0 0 0/0 0:38 0:00 0:38
Nick Schmaltz 0 0 0 0 0 2 1 0 0 0 1/4 12:01 0:00 0:00
Nicolas Aube-Kubel 0 0 0 0 0 0 0 0 0 0 0/0 0:00 0:00 0:00
Oscar Sundqvist 1 0 1 0 0 3 0 0 0 0 5/9 17:15 4:14 0:19
Travis Sanheim 0 0 0 0 0 1 0 1 0 0 0/0 13:37 0:00 0:00
William Nylander 0 0 0 0 0 1 2 0 0 0 0/0 12:01 0:00 0:00
Players Stats for Remparts
Player Name G A P +/- PIM S H SB GA TA FO MP PP MP PK MP
------------------------------------------------------------------------------------
Brayden Point 0 1 1 -1 2 2 1 0 1 0 10/24 18:09 1:06 0:00
Brendan Perlini 0 0 0 0 0 0 1 1 0 0 0/0 13:21 0:47 0:00
Cédric Lalonde-McNicoll 0 0 0 0 0 1 0 0 0 0 3/7 11:59 0:00 4:42
Guillaume Desbiens 0 1 1 0 2 1 1 1 0 0 0/0 15:50 0:48 2:00
Jake Virtanen 0 0 0 0 0 1 0 0 0 0 0/0 7:28 0:06 0:00
Jonathan Matsumoto 0 0 0 0 0 3 3 0 0 0 5/10 15:13 0:53 3:17
Keaton Thompson 0 0 0 -1 0 0 0 1 0 1 0/0 14:28 0:09 1:09
Logan Stephenson 0 0 0 0 4 2 2 2 0 1 0/0 25:33 0:59 3:07
Matt Puempel 0 0 0 0 0 0 1 0 0 0 0/0 11:05 0:00 0:02
Michael Latta 1 0 1 0 0 3 2 0 1 0 8/12 15:12 0:00 1:11
Michal Jordan 0 1 1 -1 0 0 1 1 1 0 0/0 22:11 0:51 4:03
Nail Yakupov 0 0 0 0 2 1 0 0 0 0 0/0 11:28 0:05 0:00
Niklas Hansson 0 0 0 0 0 0 2 3 0 0 0/0 23:01 0:51 5:22
Pontus Aberg 1 1 2 -1 0 4 2 1 1 0 0/0 18:07 1:06 0:00
Rickard Rakell 1 0 1 -1 0 3 2 0 0 0 1/4 22:10 1:06 4:03
Roberts Lipsbergs 0 0 0 0 0 0 1 0 0 0 0/0 10:13 0:00 2:03
Viktor Baldayev 0 0 0 -1 0 0 0 3 0 0 0/0 15:57 0:00 1:29
William Colbert 0 1 1 1 0 4 0 2 0 0 0/0 19:51 1:08 2:08
3 Stars
1 - Jonathan Huberdeau (STB)
2 - Dustin Kohn (STB)
3 - Bobby Farnham (STB)
Power Play
Atomiques - 1 on 5 Attempt(s) - 20.00%
Remparts - 0 on 1 Attempt(s) - 0.00%
Penalty Kill
Atomiques - 1 on 1 Attempt(s) - 100.00%
- Score 0 goal in Penalty Kill
Remparts - 4 on 5 Attempt(s) - 80.00%
- Score 0 goal in Penalty Kill
Team Stat
Atomiques - Hits : 23 - Faceoff Wins : 30 - Blocked Shots : 11 - Penalty Minutes : 2
Remparts - Hits : 19 - Faceoff Wins : 27 - Blocked Shots : 15 - Penalty Minutes : 10
Official
Referees : Unknown
Linesman : Unknown
Game Notes
No Game Note
Finance
Level 1 -- Attendance: 1837 (91.85%) -- Ticket Income $55,110
Level 2 -- Attendance: 690 (69.00%) -- Ticket Income $13,800
Total Attendance: 2527 (84.23%)
Total Ticket Income: $68,910
Other Income: $3,446
Total Income: $72,356
Atomiques
5 vs 5 Forward
Center Left Wing Right Wing Time % Phy DF OF
1 Michael Chaput Jonathan Huberdeau Corey Tropp 40 1 2 2
2 Oscar Sundqvist Kerby Rychel Max Friberg 30 1 2 2
3 Anthony Nigro Jacob De La Rose Bobby Farnham 20 1 2 2
4 Nick Schmaltz Dalton Smith William Nylander 10 1 2 2
5 vs 5 Defense
Defense Defense Time % Phy DF OF
1 Dustin Kohn Matt Tennyson 40 1 2 2
2 Colby Cohen Eric Mestery 30 1 2 2
3 Travis Sanheim Carl Dahlstrom 20 1 2 2
4 Connor Clifton Dustin Kohn 10 1 2 2
PowerPlay Forward
Center Left Wing Right Wing Time % Phy DF OF
1 Michael Chaput Jonathan Huberdeau Corey Tropp 60 1 2 2
2 Oscar Sundqvist Kerby Rychel Max Friberg 40 1 2 2
PowerPlay Defense
Defense Defense Time % Phy DF OF
1 Dustin Kohn Matt Tennyson 60 1 2 2
2 Colby Cohen Eric Mestery 40 1 2 2
Penalty Kill 4 Players Forward
Center Wing Time % Phy DF OF
1 Jonathan Huberdeau Corey Tropp 60 1 2 2
2 Max Friberg Michael Chaput 40 1 2 2
Penalty Kill 4 Players Defense
Defense Defense Time % Phy DF OF
1 Dustin Kohn Matt Tennyson 60 1 2 2
2 Colby Cohen Eric Mestery 40 1 2 2
Penalty Kill - 3 Players Forward
Forward Time % Phy DF OF
1 Jonathan Huberdeau 60 1 2 2
2 Corey Tropp 40 1 2 2
Penalty Kill - 3 Players Defense
Defense Defense Time % Phy DF OF
1 Dustin Kohn Matt Tennyson 60 1 2 2
2 Colby Cohen Eric Mestery 40 1 2 2
4 vs 4 Forward
Center Wing Time % Phy DF OF
1 Jonathan Huberdeau Corey Tropp 60 1 2 2
2 Max Friberg Michael Chaput 40 1 2 2
4 vs 4 Defense
Defense Defense Time % Phy DF OF
1 Dustin Kohn Matt Tennyson 60 1 2 2
2 Colby Cohen Eric Mestery 40 1 2 2
Last Minutes Offensive
Center Left Wing Right Wing Defense Defense
Michael Chaput Jonathan Huberdeau Corey Tropp Dustin Kohn Matt Tennyson
Last Minutes Defensive
Center Left Wing Right Wing Defense Defense
Michael Chaput Jonathan Huberdeau Corey Tropp Dustin Kohn Matt Tennyson
Goaltenders
Starting : Connor Hellebyuk
Backup : Thatcher Demko
Extra Forwards
Normal : Freddie Hamilton, Joseph Cramarossa, Mike Halmo - PP : Freddie Hamilton, Joseph Cramarossa - PK : Mike Halmo
Extra Defensemen
Normal : Travis Sanheim, Carl Dahlstrom, Connor Clifton - PP : Travis Sanheim - PK : Carl Dahlstrom, Connor Clifton
Penalty Shots
Jonathan Huberdeau, Corey Tropp, Max Friberg, Michael Chaput, Oscar Sundqvist
Scratches
Jordan Schmaltz (Severed Right Wrist Tendon Injury), Keegan Iverson (Healthy), Aaron Haydon (Healthy)
Remparts
5 vs 5 Forward
Center Left Wing Right Wing Time % Phy DF OF
1 Brayden Point Pontus Aberg Rickard Rakell 40 0 2 3
2 Michael Latta Brendan Perlini Guillaume Desbiens 30 0 2 3
3 Jonathan Matsumoto Matt Puempel Nail Yakupov 20 0 3 2
4 Cédric Lalonde-McNicoll Roberts Lipsbergs Jake Virtanen 10 1 2 2
5 vs 5 Defense
Defense Defense Time % Phy DF OF
1 Logan Stephenson Michal Jordan 40 0 2 3
2 William Colbert Niklas Hansson 30 1 2 2
3 Keaton Thompson Viktor Baldayev 20 1 2 2
4 Logan Stephenson William Colbert 10 1 2 2
PowerPlay Forward
Center Left Wing Right Wing Time % Phy DF OF
1 Brayden Point Pontus Aberg Rickard Rakell 60 0 1 4
2 Jonathan Matsumoto Brendan Perlini Guillaume Desbiens 40 0 1 4
PowerPlay Defense
Defense Defense Time % Phy DF OF
1 Logan Stephenson William Colbert 60 0 2 3
2 Michal Jordan Niklas Hansson 40 0 2 3
Penalty Kill 4 Players Forward
Center Wing Time % Phy DF OF
1 Cédric Lalonde-McNicoll Rickard Rakell 60 1 3 1
2 Jonathan Matsumoto Guillaume Desbiens 40 1 3 1
Penalty Kill 4 Players Defense
Defense Defense Time % Phy DF OF
1 Niklas Hansson Logan Stephenson 60 1 4 0
2 William Colbert Michal Jordan 40 1 4 0
Penalty Kill - 3 Players Forward
Forward Time % Phy DF OF
1 Cédric Lalonde-McNicoll 60 1 3 1
2 Rickard Rakell 40 1 3 1
Penalty Kill - 3 Players Defense
Defense Defense Time % Phy DF OF
1 Niklas Hansson Logan Stephenson 60 1 4 0
2 William Colbert Michal Jordan 40 1 4 0
4 vs 4 Forward
Center Wing Time % Phy DF OF
1 Brayden Point Rickard Rakell 60 0 2 3
2 Jonathan Matsumoto Pontus Aberg 40 0 2 3
4 vs 4 Defense
Defense Defense Time % Phy DF OF
1 Logan Stephenson Michal Jordan 60 1 2 2
2 William Colbert Niklas Hansson 40 1 2 2
Last Minutes Offensive
Center Left Wing Right Wing Defense Defense
Brayden Point Pontus Aberg Rickard Rakell Logan Stephenson Michal Jordan
Last Minutes Defensive
Center Left Wing Right Wing Defense Defense
Cédric Lalonde-McNicoll Pontus Aberg Rickard Rakell Logan Stephenson Niklas Hansson
Goaltenders
Starting : Garret Sparks
Backup : Igor Bobkov
Extra Forwards
Normal : Jake Virtanen, Pontus Aberg, Brayden Point - PP : Jake Virtanen, Brayden Point - PK : Jonathan Matsumoto
Extra Defensemen
Normal : William Colbert, Logan Stephenson, Michal Jordan - PP : Keaton Thompson - PK : Michal Jordan, Niklas Hansson
Penalty Shots
Jonathan Matsumoto, Pontus Aberg, Brayden Point, Brendan Perlini, Nail Yakupov
Scratches
Juuso Ikonen (Healthy), Michael Downing (Healthy), Colin Smith (Healthy), Kyle Platzer (Healthy), Connor Honey (Healthy)
Anton Zlobin (Healthy), Mitchell Heard (Healthy), Tim Bozon (Healthy), Nelson Nogier (Healthy), Marek Langhamer (Healthy)
% Time on Ice - Atomiques
Lines # - Real PCT - Wanted PCT - Time Play
Normal Forward
1 - 29% - 40% - 14:19
2 - 26% - 30% - 12:50
3 - 21% - 20% - 10:12
4 - 24% - 10% - 12:01
Normal Defense
1 - 37% - 40% - 18:09
2 - 28% - 30% - 13:56
3 - 26% - 20% - 12:47
4 - 9% - 10% - 4:30
PP Forward
1 - 51% - 60% - 4:25
2 - 49% - 40% - 4:14
PP Defense
1 - 55% - 60% - 4:48
2 - 45% - 40% - 3:51
PK Forward
1 - 78% - 60% - 1:33
2 - 22% - 40% - 0:26
PK Defense
1 - 53% - 60% - 1:03
2 - 47% - 40% - 0:56
PK3 Forward
1 - 0% - 60%
2 - 0% - 40%
PK3 Defense
1 - 0% - 60%
2 - 0% - 40%
44 Forward
1 - 0% - 60%
2 - 0% - 40%
44 Defense
1 - 0% - 60%
2 - 0% - 40%
Last Minute Offensive - 0:00
Last Minute Defensive - 0:00
Total
Forward - 60:00
Defense - 60:00
|
% Time on Ice - Remparts
Lines # - Real PCT - Wanted PCT - Time Play
Normal Forward
1 - 37% - 40% - 18:07
2 - 27% - 30% - 13:08
3 - 22% - 20% - 10:50
4 - 15% - 10% - 7:17
Normal Defense
1 - 39% - 40% - 19:24
2 - 29% - 30% - 14:26
3 - 27% - 20% - 13:25
4 - 4% - 10% - 2:07
PP Forward
1 - 55% - 60% - 1:06
2 - 45% - 40% - 0:53
PP Defense
1 - 57% - 60% - 1:08
2 - 43% - 40% - 0:51
PK Forward
1 - 76% - 60% - 6:32
2 - 24% - 40% - 2:07
PK Defense
1 - 75% - 60% - 6:31
2 - 25% - 40% - 2:08
PK3 Forward
1 - 0% - 60%
2 - 0% - 40%
PK3 Defense
1 - 0% - 60%
2 - 0% - 40%
44 Forward
1 - 0% - 60%
2 - 0% - 40%
44 Defense
1 - 0% - 60%
2 - 0% - 40%
Last Minute Offensive - 0:00
Last Minute Defensive - 0:00
Total
Forward - 60:00
Defense - 60:00
|
Play-by-Play
1st period
0:01 of 1st period - Michael Chaput wins face-off versus Brayden Point in neutral zone.
0:37 of 1st period - Dustin Kohn is hit by Michael Latta and loses puck.
1:17 of 1st period - Slapshot by Cédric Lalonde-McNicoll.
1:17 of 1st period - Stopped by Connor Hellebyuk without a rebound.
1:18 of 1st period - Michael Chaput wins face-off versus Brayden Point in Atomiques zone.
1:23 of 1st period - Viktor Baldayev is hit by Jonathan Huberdeau.
2:08 of 1st period - Wrist shot by Nail Yakupov.
2:08 of 1st period - Stopped by Connor Hellebyuk without a rebound.
2:09 of 1st period - Jonathan Matsumoto wins face-off versus Anthony Nigro in Atomiques zone.
2:10 of 1st period - Snap shot by Nail Yakupov.
2:10 of 1st period - Shot Misses the Net.
2:12 of 1st period - Slapshot by William Colbert.
2:12 of 1st period - Deflect By Anthony Nigro.
2:12 of 1st period - Stopped by Connor Hellebyuk with a rebound.
2:14 of 1st period - Wrist shot by Jonathan Matsumoto.
2:14 of 1st period - Stopped by Connor Hellebyuk without a rebound.
2:15 of 1st period - Brayden Point wins face-off versus Michael Chaput in Atomiques zone.
2:24 of 1st period - Pontus Aberg is hit by Matt Tennyson and loses puck.
2:29 of 1st period - Wrist shot by Jonathan Huberdeau.
2:29 of 1st period - Stopped by Garret Sparks with a rebound.
2:31 of 1st period - Snap shot by Jonathan Huberdeau.
2:31 of 1st period - Stopped by Garret Sparks with a rebound.
3:43 of 1st period - Corey Tropp is hit by Logan Stephenson and loses puck.
5:12 of 1st period - Snap shot by Brayden Point.
5:12 of 1st period - Stopped by Connor Hellebyuk without a rebound.
5:13 of 1st period - Michael Latta wins face-off versus Kerby Rychel in Atomiques zone.
5:16 of 1st period - Slapshot by Guillaume Desbiens.
5:16 of 1st period - Stopped by Connor Hellebyuk with a rebound.
5:26 of 1st period - Snap shot by Michael Latta.
5:26 of 1st period - Stopped by Connor Hellebyuk without a rebound.
5:27 of 1st period - Brayden Point wins face-off versus Michael Chaput in Atomiques zone.
5:54 of 1st period - Off-side.
5:55 of 1st period - Jonathan Matsumoto wins face-off versus Oscar Sundqvist in neutral zone.
6:06 of 1st period - Wrist shot by Nail Yakupov.
6:06 of 1st period - Shot Hit the Post.
6:10 of 1st period - Snap shot by Jonathan Matsumoto.
6:10 of 1st period - Shot Blocked by Connor Clifton.
6:56 of 1st period - Bobby Farnham is hit by Guillaume Desbiens and loses puck.
7:09 of 1st period - William Colbert is hit by Nick Schmaltz and loses puck.
7:28 of 1st period - Wrist shot by Nail Yakupov.
7:28 of 1st period - Shot Misses the Net.
7:30 of 1st period - Slapshot by William Colbert.
7:30 of 1st period - Stopped by Connor Hellebyuk without a rebound.
7:31 of 1st period - Oscar Sundqvist wins face-off versus Jonathan Matsumoto in Atomiques zone.
7:36 of 1st period - Wrist shot by Oscar Sundqvist.
7:36 of 1st period - Stopped by Garret Sparks without a rebound.
7:37 of 1st period - Michael Chaput wins face-off versus Brayden Point in Remparts zone.
7:53 of 1st period - Wrist shot by Jonathan Huberdeau.
7:53 of 1st period - Stopped by Garret Sparks with a rebound.
8:43 of 1st period - Snap shot by Cédric Lalonde-McNicoll.
8:43 of 1st period - Shot Misses the Net.
9:24 of 1st period - Wrist shot by Michael Latta.
9:24 of 1st period - Shot Blocked by Travis Sanheim.
10:05 of 1st period - Anthony Nigro is hit by Niklas Hansson and loses puck.
10:12 of 1st period - Slapshot by Dustin Kohn.
10:12 of 1st period - Shot Blocked by William Colbert.
10:14 of 1st period - Snap shot by Anthony Nigro.
10:14 of 1st period - Shot Misses the Net.
10:34 of 1st period - Snap shot by Brayden Point.
10:34 of 1st period - Stopped by Connor Hellebyuk without a rebound.
10:35 of 1st period - Michael Latta wins face-off versus Max Friberg in Atomiques zone.
10:46 of 1st period - Snap shot by Kerby Rychel.
10:46 of 1st period - Shot Blocked by Keaton Thompson.
10:48 of 1st period - Slapshot by Eric Mestery.
10:48 of 1st period - Stopped by Garret Sparks without a rebound.
10:49 of 1st period - Brayden Point wins face-off versus Michael Chaput in Remparts zone.
10:58 of 1st period - Dustin Kohn is hit by Pontus Aberg and loses puck.
11:26 of 1st period - Wrist shot by Oscar Sundqvist.
11:26 of 1st period - Shot Misses the Net.
11:37 of 1st period - Icing by Michael Latta.
11:38 of 1st period - Jonathan Matsumoto wins face-off versus Anthony Nigro in Remparts zone.
12:03 of 1st period - Rickard Rakell is hit by Kerby Rychel and loses puck.
12:08 of 1st period - Backhand shot by Kerby Rychel.
12:08 of 1st period - Shot Blocked by Viktor Baldayev.
12:10 of 1st period - Wrist shot by Max Friberg.
12:10 of 1st period - Shot Misses the Net.
12:12 of 1st period - Slapshot by Oscar Sundqvist.
12:12 of 1st period - Deflect By Max Friberg.
12:12 of 1st period - Stopped by Garret Sparks with a rebound.
12:46 of 1st period - Snap shot by William Nylander.
12:46 of 1st period - Stopped by Garret Sparks without a rebound.
12:47 of 1st period - Cédric Lalonde-McNicoll wins face-off versus Nick Schmaltz in Remparts zone.
13:16 of 1st period - Wrist shot by Pontus Aberg.
13:16 of 1st period - Stopped by Connor Hellebyuk with a rebound.
13:18 of 1st period - Slapshot by Logan Stephenson.
13:18 of 1st period - Deflect By Jonathan Huberdeau.
13:18 of 1st period - Stopped by Connor Hellebyuk with a rebound.
13:38 of 1st period - Max Friberg is hit by Logan Stephenson and loses puck.
16:33 of 1st period - Michal Jordan is hit by Colby Cohen and loses puck.
17:43 of 1st period - Snap shot by Bobby Farnham.
17:43 of 1st period - Stopped by Garret Sparks with a rebound.
17:45 of 1st period - Snap shot by Jacob De La Rose.
17:45 of 1st period - Shot Misses the Net.
18:25 of 1st period - Wrist shot by Rickard Rakell.
18:25 of 1st period - Stopped by Connor Hellebyuk with a rebound.
18:43 of 1st period - Slapshot by Cédric Lalonde-McNicoll.
18:43 of 1st period - Shot Blocked by Matt Tennyson.
18:49 of 1st period - Wrist shot by Jake Virtanen.
18:49 of 1st period - Shot Misses the Net.
19:47 of 1st period - Brendan Perlini is hit by Colby Cohen and loses puck.
19:58 of 1st period - Guillaume Desbiens is hit by Corey Tropp and loses puck.
Goals for this period are 0 for Atomiques vs 0 for Remparts.
Shots for this period are 8 for Atomiques vs 12 for Remparts.
2nd period
0:01 of 2nd period - Michael Chaput wins face-off versus Brayden Point in neutral zone.
0:37 of 2nd period - Snap shot by Dustin Kohn.
0:37 of 2nd period - Shot Blocked by Niklas Hansson.
0:47 of 2nd period - Eric Mestery is hit by Matt Puempel and loses puck.
1:30 of 2nd period - Logan Stephenson is hit by Michael Chaput and loses puck.
1:53 of 2nd period - Wrist shot by Kerby Rychel.
1:53 of 2nd period - Deflect By Guillaume Desbiens.
1:53 of 2nd period - Shot Blocked by Michal Jordan.
1:53 of 2nd period - Puck is out of play.
1:54 of 2nd period - Max Friberg wins face-off versus Michael Latta in Remparts zone.
1:59 of 2nd period - Snap shot by Oscar Sundqvist.
1:59 of 2nd period - Shot Blocked by Brendan Perlini.
3:24 of 2nd period - Wrist shot by Michael Latta.
3:24 of 2nd period - Stopped by Connor Hellebyuk with a rebound.
3:28 of 2nd period - Snap shot by Michael Latta.
3:28 of 2nd period - Shot Blocked by Carl Dahlstrom.
3:30 of 2nd period - Slapshot by Michael Latta.
3:30 of 2nd period - Shot Misses the Net.
3:46 of 2nd period - Wrist shot by Jonathan Huberdeau.
3:46 of 2nd period - Shot Blocked by Pontus Aberg.
4:08 of 2nd period - Wrist shot by Nail Yakupov.
4:08 of 2nd period - Shot Blocked by Anthony Nigro.
4:18 of 2nd period - Icing by Jonathan Matsumoto.
4:19 of 2nd period - Jonathan Matsumoto wins face-off versus Oscar Sundqvist in Remparts zone.
4:19 of 2nd period - Jonathan Matsumoto is hit by Max Friberg.
4:57 of 2nd period - Wrist shot by Pontus Aberg.
4:57 of 2nd period - Stopped by Connor Hellebyuk without a rebound.
4:58 of 2nd period - Oscar Sundqvist wins face-off versus Michael Latta in Atomiques zone.
6:14 of 2nd period - Wrist shot by Max Friberg.
6:14 of 2nd period - Shot Blocked by Logan Stephenson.
6:16 of 2nd period - Slapshot by Connor Clifton.
6:16 of 2nd period - Shot Misses the Net.
6:18 of 2nd period - Wrist shot by Max Friberg.
6:18 of 2nd period - Shot Misses the Net.
6:40 of 2nd period - Snap shot by Guillaume Desbiens.
6:40 of 2nd period - Shot Blocked by Eric Mestery.
6:52 of 2nd period - Snap shot by Pontus Aberg.
6:52 of 2nd period - Shot Misses the Net.
6:54 of 2nd period - Wrist shot by William Colbert.
6:54 of 2nd period - Shot Misses the Net.
6:56 of 2nd period - Snap shot by Brayden Point.
6:56 of 2nd period - Shot Misses the Net.
6:58 of 2nd period - Wrist shot by Rickard Rakell.
6:58 of 2nd period - Shot Misses the Net.
7:12 of 2nd period - Snap shot by Jonathan Huberdeau.
7:12 of 2nd period - Stopped by Garret Sparks with a rebound.
7:28 of 2nd period - Snap shot by Oscar Sundqvist.
7:28 of 2nd period - Stopped by Garret Sparks with a rebound.
7:42 of 2nd period - Max Friberg is hit by Roberts Lipsbergs and loses puck.
8:04 of 2nd period - Minor Penalty to Anthony Nigro for Interference.
8:05 of 2nd period - Jonathan Huberdeau wins face-off versus Brayden Point in Atomiques zone.
8:22 of 2nd period - Jonathan Huberdeau is hit by Rickard Rakell and loses puck.
8:33 of 2nd period - Dustin Kohn is hit by Rickard Rakell and loses puck.
8:55 of 2nd period - Michal Jordan is hit by Max Friberg.
9:20 of 2nd period - Wrist shot by Dalton Smith.
9:20 of 2nd period - Shot Misses the Net.
10:04 of 2nd period - Penalty to Anthony Nigro is over, Anthony Nigro is back on ice.
10:04 of 2nd period - Eric Mestery is hit by Jonathan Matsumoto and loses puck.
11:00 of 2nd period - Snap shot by William Nylander.
11:00 of 2nd period - Shot Misses the Net.
11:16 of 2nd period - Niklas Hansson is hit by Matt Tennyson and loses puck.
12:39 of 2nd period - Michael Latta is hit by Jacob De La Rose and loses puck.
12:52 of 2nd period - Michal Jordan is hit by William Nylander and loses puck.
13:19 of 2nd period - Jake Virtanen is hit by Colby Cohen.
13:33 of 2nd period - Wrist shot by Michael Chaput.
13:33 of 2nd period - Shot Misses the Net.
13:45 of 2nd period - Rickard Rakell is hit by Dustin Kohn.
14:04 of 2nd period - Off-side.
14:05 of 2nd period - Nick Schmaltz wins face-off versus Rickard Rakell in neutral zone.
14:08 of 2nd period - Snap shot by Dustin Kohn.
14:08 of 2nd period - Shot Blocked by Viktor Baldayev.
14:13 of 2nd period - Off-side.
14:14 of 2nd period - Brayden Point wins face-off versus Michael Chaput in neutral zone.
15:12 of 2nd period - Wrist shot by Travis Sanheim.
15:12 of 2nd period - Stopped by Garret Sparks without a rebound.
15:13 of 2nd period - Michael Chaput wins face-off versus Brayden Point in Remparts zone.
15:34 of 2nd period - Minor Penalty to Brayden Point for Interference.
15:35 of 2nd period - Rickard Rakell wins face-off versus Michael Chaput in Remparts zone.
16:23 of 2nd period - Snap shot by Jonathan Matsumoto.
16:23 of 2nd period - Stopped by Connor Hellebyuk without a rebound.
16:24 of 2nd period - Oscar Sundqvist wins face-off versus Jonathan Matsumoto in Atomiques zone.
16:35 of 2nd period - Slapshot by Dustin Kohn.
16:35 of 2nd period - Shot Blocked by Guillaume Desbiens.
16:37 of 2nd period - Slapshot by Matt Tennyson.
16:37 of 2nd period - Deflect By Guillaume Desbiens.
16:37 of 2nd period - Stopped by Garret Sparks with a rebound.
16:57 of 2nd period - Wrist shot by Jonathan Huberdeau.
16:57 of 2nd period - Shot Misses the Net.
17:34 of 2nd period - Penalty to Brayden Point is over, Brayden Point is back on ice.
17:44 of 2nd period - Travis Sanheim is hit by Michael Latta and loses puck.
17:59 of 2nd period - Nail Yakupov is hit by William Nylander and loses puck.
18:10 of 2nd period - Snap shot by Nick Schmaltz.
18:10 of 2nd period - Shot Misses the Net.
18:28 of 2nd period - Wrist shot by Pontus Aberg.
18:28 of 2nd period - Shot Misses the Net.
18:39 of 2nd period - Off-side.
18:40 of 2nd period - Anthony Nigro wins face-off versus Michael Latta in neutral zone.
18:43 of 2nd period - Wrist shot by Anthony Nigro.
18:43 of 2nd period - Goal by Anthony Nigro - Atomiques : 1 - Remparts : 0.
18:44 of 2nd period - Michael Chaput wins face-off versus Brayden Point in neutral zone.
19:39 of 2nd period - Matt Puempel is hit by Bobby Farnham and loses puck.
Goals for this period are 1 for Atomiques vs 0 for Remparts.
Shots for this period are 5 for Atomiques vs 3 for Remparts.
3rd period
0:01 of 3rd period - Michael Chaput wins face-off versus Brayden Point in neutral zone.
0:10 of 3rd period - Snap shot by Michael Chaput.
0:10 of 3rd period - Stopped by Garret Sparks without a rebound.
0:11 of 3rd period - Michael Chaput wins face-off versus Rickard Rakell in Remparts zone.
0:14 of 3rd period - Slapshot by Corey Tropp.
0:14 of 3rd period - Shot Blocked by William Colbert.
0:16 of 3rd period - Minor Penalty to Logan Stephenson for Holding Stick.
0:17 of 3rd period - Cédric Lalonde-McNicoll wins face-off versus Michael Chaput in Remparts zone.
0:44 of 3rd period - Cédric Lalonde-McNicoll is hit by Kerby Rychel and loses puck.
0:55 of 3rd period - Snap shot by Kerby Rychel.
0:55 of 3rd period - Stopped by Garret Sparks with a rebound.
0:57 of 3rd period - Snap shot by Eric Mestery.
0:57 of 3rd period - Shot Blocked by Niklas Hansson.
2:16 of 3rd period - Penalty to Logan Stephenson is over, Logan Stephenson is back on ice.
2:28 of 3rd period - Wrist shot by Nick Schmaltz.
2:28 of 3rd period - Deflect By Logan Stephenson.
2:28 of 3rd period - Shot Blocked by Viktor Baldayev.
2:28 of 3rd period - Puck is out of play.
2:29 of 3rd period - Jonathan Matsumoto wins face-off versus Nick Schmaltz in Remparts zone.
2:34 of 3rd period - Slapshot by Jonathan Matsumoto.
2:34 of 3rd period - Shot Misses the Net.
2:36 of 3rd period - Wrist shot by Logan Stephenson.
2:36 of 3rd period - Shot Misses the Net.
2:38 of 3rd period - Slapshot by Nail Yakupov.
2:38 of 3rd period - Shot Blocked by Carl Dahlstrom.
2:40 of 3rd period - Snap shot by Logan Stephenson.
2:40 of 3rd period - Stopped by Connor Hellebyuk without a rebound.
2:41 of 3rd period - Brayden Point wins face-off versus Anthony Nigro in Atomiques zone.
2:42 of 3rd period - Wrist shot by Rickard Rakell.
2:42 of 3rd period - Shot Blocked by Matt Tennyson.
2:44 of 3rd period - Wrist shot by Pontus Aberg.
2:44 of 3rd period - Stopped by Connor Hellebyuk with a rebound.
2:46 of 3rd period - Snap shot by Rickard Rakell.
2:46 of 3rd period - Shot Blocked by Matt Tennyson.
2:48 of 3rd period - Slapshot by William Colbert.
2:48 of 3rd period - Stopped by Connor Hellebyuk without a rebound.
2:49 of 3rd period - Anthony Nigro wins face-off versus Brayden Point in Atomiques zone.
3:13 of 3rd period - Snap shot by Pontus Aberg.
3:13 of 3rd period - Shot Misses the Net.
3:15 of 3rd period - Snap shot by Rickard Rakell.
3:15 of 3rd period - Goal by Rickard Rakell - Atomiques : 1 - Remparts : 1.
3:16 of 3rd period - Michael Chaput wins face-off versus Rickard Rakell in neutral zone.
3:21 of 3rd period - Slapshot by Jonathan Huberdeau.
3:21 of 3rd period - Goal by Jonathan Huberdeau - Atomiques : 2 - Remparts : 1.
3:22 of 3rd period - Michael Chaput wins face-off versus Brayden Point in neutral zone.
3:25 of 3rd period - Slapshot by Jonathan Huberdeau.
3:25 of 3rd period - Stopped by Garret Sparks without a rebound.
3:26 of 3rd period - Brayden Point wins face-off versus Corey Tropp in Remparts zone.
3:28 of 3rd period - Minor Penalty to Logan Stephenson for Hooking.
3:29 of 3rd period - Michael Chaput wins face-off versus Cédric Lalonde-McNicoll in Remparts zone.
3:35 of 3rd period - Slapshot by Michael Chaput.
3:35 of 3rd period - Shot Misses the Net.
3:37 of 3rd period - Snap shot by Michael Chaput.
3:37 of 3rd period - Deflect By Jonathan Huberdeau.
3:37 of 3rd period - Shot Misses the Net.
3:37 of 3rd period - Puck is out of play.
3:38 of 3rd period - Michael Chaput wins face-off versus Cédric Lalonde-McNicoll in Remparts zone.
3:43 of 3rd period - Snap shot by Jonathan Huberdeau.
3:43 of 3rd period - Stopped by Garret Sparks without a rebound.
3:44 of 3rd period - Cédric Lalonde-McNicoll wins face-off versus Michael Chaput in Remparts zone.
3:44 of 3rd period - Cédric Lalonde-McNicoll is hit by Jonathan Huberdeau.
5:09 of 3rd period - Snap shot by Michael Latta.
5:09 of 3rd period - Shot Blocked by Colby Cohen.
5:28 of 3rd period - Penalty to Logan Stephenson is over, Logan Stephenson is back on ice.
6:15 of 3rd period - Wrist shot by Kerby Rychel.
6:15 of 3rd period - Stopped by Garret Sparks with a rebound.
6:17 of 3rd period - Wrist shot by Kerby Rychel.
6:17 of 3rd period - Deflect By Max Friberg.
6:17 of 3rd period - Shot Misses the Net.
6:17 of 3rd period - Puck is out of play.
6:18 of 3rd period - Michael Chaput wins face-off versus Brayden Point in Remparts zone.
6:23 of 3rd period - Slapshot by Jonathan Huberdeau.
6:23 of 3rd period - Deflect By Michael Chaput.
6:23 of 3rd period - Stopped by Garret Sparks with a rebound.
6:52 of 3rd period - William Nylander is hit by Brayden Point and loses puck.
7:34 of 3rd period - Snap shot by Rickard Rakell.
7:34 of 3rd period - Shot Misses the Net.
7:36 of 3rd period - Slapshot by William Colbert.
7:36 of 3rd period - Deflect By William Nylander.
7:36 of 3rd period - Stopped by Connor Hellebyuk with a rebound.
8:38 of 3rd period - Wrist shot by Nick Schmaltz.
8:38 of 3rd period - Stopped by Garret Sparks with a rebound.
8:44 of 3rd period - William Colbert is hit by Dalton Smith and loses puck.
9:18 of 3rd period - Icing by Travis Sanheim.
9:19 of 3rd period - Michael Latta wins face-off versus Nick Schmaltz in Atomiques zone.
10:13 of 3rd period - Jake Virtanen is hit by Dustin Kohn and loses puck.
10:35 of 3rd period - Snap shot by Cédric Lalonde-McNicoll.
10:35 of 3rd period - Deflect By Jake Virtanen.
10:35 of 3rd period - Stopped by Connor Hellebyuk with a rebound.
10:46 of 3rd period - Off-side.
10:47 of 3rd period - Michael Latta wins face-off versus Michael Chaput in neutral zone.
10:58 of 3rd period - Snap shot by Corey Tropp.
10:58 of 3rd period - Deflect By Michael Chaput.
10:58 of 3rd period - Stopped by Garret Sparks without a rebound.
10:59 of 3rd period - Michael Latta wins face-off versus Michael Chaput in Remparts zone.
11:11 of 3rd period - Wrist shot by Jonathan Huberdeau.
11:11 of 3rd period - Stopped by Garret Sparks with a rebound.
11:25 of 3rd period - Max Friberg is hit by Michal Jordan and loses puck.
11:32 of 3rd period - Slapshot by Colby Cohen.
11:32 of 3rd period - Stopped by Garret Sparks without a rebound.
11:33 of 3rd period - Oscar Sundqvist wins face-off versus Michael Latta in Remparts zone.
11:34 of 3rd period - Snap shot by Max Friberg.
11:34 of 3rd period - Shot Misses the Net.
11:36 of 3rd period - Snap shot by Eric Mestery.
11:36 of 3rd period - Stopped by Garret Sparks without a rebound.
11:37 of 3rd period - Michael Latta wins face-off versus Oscar Sundqvist in Remparts zone.
11:39 of 3rd period - Minor Penalty to Guillaume Desbiens for High sticking.
11:40 of 3rd period - Michael Chaput wins face-off versus Cédric Lalonde-McNicoll in Remparts zone.
12:22 of 3rd period - Slapshot by Oscar Sundqvist.
12:22 of 3rd period - Goal by Oscar Sundqvist - Atomiques : 3 - Remparts : 1.
12:23 of 3rd period - Michael Latta wins face-off versus Michael Chaput in neutral zone.
12:26 of 3rd period - Slapshot by Michal Jordan.
12:26 of 3rd period - Shot Misses the Net.
12:48 of 3rd period - Wrist shot by Jonathan Matsumoto.
12:48 of 3rd period - Stopped by Connor Hellebyuk without a rebound.
12:49 of 3rd period - Oscar Sundqvist wins face-off versus Jonathan Matsumoto in Atomiques zone.
12:49 of 3rd period - Oscar Sundqvist is hit by Niklas Hansson.
13:11 of 3rd period - Minor Penalty to Nail Yakupov for Tripping.
13:12 of 3rd period - Michael Chaput wins face-off versus Cédric Lalonde-McNicoll in Remparts zone.
14:53 of 3rd period - Icing by Eric Mestery.
14:54 of 3rd period - Michael Chaput wins face-off versus Jonathan Matsumoto in Atomiques zone.
15:11 of 3rd period - Penalty to Nail Yakupov is over, Nail Yakupov is back on ice.
15:24 of 3rd period - Matt Tennyson is hit by Jonathan Matsumoto and loses puck.
15:45 of 3rd period - Wrist shot by Nick Schmaltz.
15:45 of 3rd period - Stopped by Garret Sparks with a rebound.
15:47 of 3rd period - Wrist shot by William Nylander.
15:47 of 3rd period - Shot Misses the Net.
15:49 of 3rd period - Snap shot by Travis Sanheim.
15:49 of 3rd period - Shot Misses the Net.
15:53 of 3rd period - Slapshot by Dalton Smith.
15:53 of 3rd period - Stopped by Garret Sparks without a rebound.
15:54 of 3rd period - Jonathan Huberdeau wins face-off versus Brayden Point in Remparts zone.
15:55 of 3rd period - Snap shot by Corey Tropp.
15:55 of 3rd period - Shot Misses the Net.
16:07 of 3rd period - Snap shot by Rickard Rakell.
16:07 of 3rd period - Stopped by Connor Hellebyuk without a rebound.
16:08 of 3rd period - Brayden Point wins face-off versus Anthony Nigro in Atomiques zone.
16:11 of 3rd period - Snap shot by Pontus Aberg.
16:11 of 3rd period - Shot Misses the Net.
16:18 of 3rd period - Snap shot by Bobby Farnham.
16:18 of 3rd period - Goal by Bobby Farnham - Atomiques : 4 - Remparts : 1.
16:19 of 3rd period - Michael Chaput wins face-off versus Brayden Point in neutral zone.
16:24 of 3rd period - Slapshot by Jonathan Huberdeau.
16:24 of 3rd period - Goal by Jonathan Huberdeau - Atomiques : 5 - Remparts : 1.
16:25 of 3rd period - Brayden Point wins face-off versus Michael Chaput in neutral zone.
16:30 of 3rd period - Corey Tropp is hit by Pontus Aberg and loses puck.
17:01 of 3rd period - Snap shot by Michael Latta.
17:01 of 3rd period - Deflect By Dustin Kohn.
17:01 of 3rd period - Shot Misses the Net.
17:01 of 3rd period - Puck is out of play.
17:02 of 3rd period - Brayden Point wins face-off versus Michael Chaput in Atomiques zone.
17:05 of 3rd period - Wrist shot by Pontus Aberg.
17:05 of 3rd period - Goal by Pontus Aberg - Atomiques : 5 - Remparts : 2.
17:06 of 3rd period - Michael Chaput wins face-off versus Brayden Point in neutral zone.
17:13 of 3rd period - Slapshot by Jonathan Huberdeau.
17:13 of 3rd period - Shot Blocked by Logan Stephenson.
17:27 of 3rd period - Logan Stephenson is hit by Corey Tropp and loses puck.
17:59 of 3rd period - Jacob De La Rose is hit by Jonathan Matsumoto and loses puck.
18:04 of 3rd period - Wrist shot by Jonathan Matsumoto.
18:04 of 3rd period - Shot Misses the Net.
18:42 of 3rd period - Jonathan Huberdeau is hit by Brendan Perlini.
19:02 of 3rd period - Snap shot by Max Friberg.
19:02 of 3rd period - Shot Blocked by Niklas Hansson.
19:04 of 3rd period - Slapshot by Max Friberg.
19:04 of 3rd period - Shot Hit the Post.
19:06 of 3rd period - Snap shot by Kerby Rychel.
19:06 of 3rd period - Stopped by Garret Sparks without a rebound.
19:07 of 3rd period - Brayden Point wins face-off versus Oscar Sundqvist in Remparts zone.
19:22 of 3rd period - Slapshot by Max Friberg.
19:22 of 3rd period - Deflect By Kerby Rychel.
19:22 of 3rd period - Shot Misses the Net.
19:22 of 3rd period - Puck is out of play.
19:23 of 3rd period - Michael Latta wins face-off versus Michael Chaput in Remparts zone.
19:30 of 3rd period - Wrist shot by Michael Latta.
19:30 of 3rd period - Goal by Michael Latta - Atomiques : 5 - Remparts : 3.
19:31 of 3rd period - Anthony Nigro wins face-off versus Jonathan Matsumoto in neutral zone.
19:46 of 3rd period - Wrist shot by Nail Yakupov.
19:46 of 3rd period - Shot Blocked by Dustin Kohn.
19:58 of 3rd period - Michael Latta is hit by Max Friberg and loses puck.
Goals for this period are 4 for Atomiques vs 3 for Remparts.
Shots for this period are 18 for Atomiques vs 10 for Remparts.
Back to the Top